 Dungeon Crawl Stone Soup version 0.23-a0-663-g304f35b (webtiles) character file.

542 Blackhawk the Poker (level 7, -3/56 HPs)
             Began as a Merfolk Monk on Jan 7, 2019.
             Killed from afar by an orc wizard (9 damage)
             ... with a puff of flame
             ... on level 5 of the Dungeon.
             The game lasted 00:07:55 (5390 turns).

Blackhawk the Poker (Merfolk Monk)                  Turns: 5390, Time: 00:07:56

Health: -3/56      AC:  3    Str: 13    XL:     7   Next: 27%
Magic:  7/7        EV: 16    Int: 10    God:
Gold:   281        SH:  4    Dex: 16    Spells: 6/6 levels left

rFire    . . .     SeeInvis .   a - +0 spear
rCold    . . .     Gourm    .   t - +0 buckler
rNeg     . . .     Faith    .   b - +0 robe
rPois    .         Spirit   .   (no helmet)
rElec    .         Reflect  .   h - +0 cloak
rCorr    .         Harm     .   (no gloves)
MR       .....                  (no boots)
Stlth    ++........             (no amulet)
HPRegen  0.18/turn              (no ring)
MPRegen  0.10/turn              (no ring)

@: lethally poisoned (-3 -> -4)
A: change form in water, swift swim, stealthy swim
a: no special abilities


You were on level 5 of the Dungeon.
You were not hungry.

You visited 1 branch of the dungeon, and saw 5 of its levels.

You collected 281 gold pieces.

Inventory:

Hand Weapons
 a - a +0 spear (weapon)
Armour
 b - a +0 robe (worn)
 h - a +0 cloak (worn)
 t - a +0 buckler (worn)
 v - a +0 helmet
Jewellery
 u - an uncursed ring of protection from fire {unknown}
Scrolls
 d - 5 scrolls of remove curse {unknown}
 g - a scroll of fear {unknown}
 i - 3 scrolls of enchant armour {unknown}
 j - 7 scrolls of identify {unknown}
 m - 2 scrolls of random uselessness {unknown}
 o - a scroll of blinking {unknown}
 p - 2 scrolls of teleportation {unknown}
 q - a scroll of amnesia {unknown}
 s - 2 scrolls of enchant weapon {unknown}
Potions
 e - 2 potions of curing
 f - 2 potions of lignification {unknown}
 k - 2 potions of ambrosia {unknown}
 l - a potion of flight {unknown}
 n - a potion of brilliance {unknown}
 r - 3 potions of agility {unknown}
Comestibles
 c - 7 rations


   Skills:
 + Level 5.0 Fighting
 + Level 6.6 Polearms
 + Level 2.2 Armour
 + Level 6.1 Dodging
 - Level 2.8 Stealth
 + Level 2.1 Shields


You had 6 spell levels left.
You didn't know any spells.
Your spell library was empty.

Dungeon Overview and Level Annotations

Branches:
Dungeon (5/15)
 Temple: D:4-7

Altars:
Ru
Sif Muna
Trog

Annotations:
D:4 exclusion: door


Message History

You miss the orc wizard.
The orc wizard is lightly wounded.
* * * LOW HITPOINT WARNING * * *
You feel sick.
The orc wizard looks braver for a moment.
The orc wizard gestures at you while chanting.
The puff of flame hits you!
* * * LOW HITPOINT WARNING * * *
You feel better.
The orc wizard hits you with a +1 dagger of venom.
* * * LOW HITPOINT WARNING * * *
You are poisoned.
You feel sick.
You feel sick.
You feel sick.
You feel sick.
You feel sick.
The orc wizard gestures at you while chanting.
The puff of flame hits you!
You die...

#.#...oo#
#######.#o#####
........#.#
########'#o#
#.##..........#
..............#
#.##.###....oo########
.##.###.............#
..............@####.#
.##.###.#..###.#
#.##.# #.# #.##.###.#
#.##..##.# #.###.##.##
#.........#
#####..#..###
####......#


You could see 2 orc wizards.

Vanquished Creatures
  Sigmund (D:4)
  2 hounds (D:5)
  2 orc priests (D:5)
  2 orc wizards (D:4)
  Jessica (D:3)
  A worker ant zombie (D:5)
  7 adders
  3 oozes
  3 worms
  3 dart slugs (D:1)
  2 leopard geckos
  7 orcs
  A giant cockroach (D:3)
  4 goblins
  8 hobgoblins
  15 jackals
  8 bats
  3 frilled lizards
  5 kobolds (D:1)
  7 rats
85 creatures vanquished.

Notes
Turn   | Place    | Note
-------+----------+-------------------------------------------
     0 | D:1      | Blackhawk the Merfolk Monk began the quest for the Orb.
     0 | D:1      | Reached XP level 1. HP: 18/18 MP: 1/1
    21 | D:1      | Reached XP level 2. HP: 17/24 MP: 2/2
   623 | D:1      | Reached XP level 3. HP: 27/30 MP: 3/3
   971 | D:1      | Reached skill level 5 in Polearms
  1533 | D:2      | Reached XP level 4. HP: 37/37 MP: 4/4
  2150 | D:3      | Reached skill level 1 in Armour
  2456 | D:3      | Noticed Jessica
  2463 | D:3      | Killed Jessica
  2463 | D:3      | Reached skill level 5 in Dodging
  2463 | D:3      | Reached XP level 5. HP: 41/42 MP: 5/5
  2483 | D:3      | Found a sacrificial altar of Ru.
  2626 | D:3      | Found a bloodstained altar of Trog.
  4108 | D:4      | Noticed an ogre
  4175 | D:4      | Found a deep blue altar of Sif Muna.
  4428 | D:4      | Noticed Sigmund
  4500 | D:4      | Killed Sigmund
  4500 | D:4      | Reached skill level 1 in Shields
  4500 | D:4      | Reached XP level 6. HP: 29/49 MP: 6/6
  4640 | D:5      | Entered Level 5 of the Dungeon
  5037 | D:5      | Reached XP level 7. HP: 47/55 MP: 7/7
  5140 | D:5      | Reached skill level 5 in Fighting
  5390 | D:5      | Killed from afar by an orc wizard

Vault maps used:
D:1:      tarquinn_simple_flora_water_e
D:3:      old_standard_altar, nicolae_ru_awakened_eye, first_ration,
          uniq_jessica
D:4:      kennysheep_little_box, kennysheep_nondescript, minmay_manual_mullet,
          uniq_sigmund
D:5:      lightli_temple_of_fire, ashenzari_altar_1,
          minmay_temple_entry_offerings, hangedman_abyss_or_decor_passed,
          minmay_misc_feat_alley

Skill      XL: |  1  2  3  4  5  6  7 |
---------------+----------------------+-----
Polearms       | 5 6 |  6.6
Fighting       | 4 5 |  5.0
Armour         | 1 2 |  2.2
Dodging        | 5 6 |  6.1
Shields        | 1 2 |  2.1
Stealth        | |  2.8

Action                   |  1- 3 |  4- 6 |  7- 9 || total
-------------------------+-------+-------+-------++-------
Melee: Spear             |   162 |   259 |    78 ||   499
  Use: Potion            |       |     1 |     1 ||     2
 Stab: Distracted        |     2 |       |       ||     2
       Sleeping          |     4 |     3 |       ||     7
  Eat: Chunk             |     2 |    11 |     1 ||    14
Armor: Robe              |    17 |    23 |     5 ||    45
Dodge: Dodged            |   126 |   134 |    33 ||   293
Block: Buckler           |       |    14 |    12 ||    26

Table legend:
 A = Non-vault XP
 B = Vault XP
 C = Vault XP percentage of total XP
 D = Non-vault monster count
 E = Vault monster count
 F = Vault count percentage of total count
                 A         B        C        D         E       F
            +---------+---------+-------+---------+---------+-------
      Total |     515 |     260 |  33.5 |      83 |       2 |   2.4
            +---------+---------+-------+---------+---------+-------
        D:1 |      76 |       0 |   0.0 |      37 |       0 |   0.0
        D:2 |      32 |       0 |   0.0 |      10 |       0 |   0.0
        D:3 |      83 |      37 |  30.8 |      19 |       1 |   5.0
        D:4 |     120 |     223 |  65.0 |       8 |       1 |  11.1
        D:5 |     204 |       0 |   0.0 |       9 |       0 |   0.0
            +---------+---------+-------+---------+---------+-------
